 Seeded DCSS version 0.30.0-7-g0c4daa9e05 (webtiles) character file.

Game seed: 18007716519941398942 (custom seed)

14489 IndexError the Skirmisher (level 12, 0/94 HPs)
             Began as a Gnoll Hunter on May 13, 2023.
             Was an Initiate of Ashenzari.
             Slain by a dire elephant simulacrum (2 damage)
             ... in an ice cave.
             The game lasted 00:14:40 (10721 turns).

IndexError the Skirmisher (Gnoll Hunter)           Turns: 10721, Time: 00:14:40

Health: 0/94       AC: 15    Str: 10    XL:     12   Next: 17%
Magic:  31/31      EV: 17    Int: 13    God:    Ashenzari [......]
Gold:   511        SH:  0    Dex: 20    Spells: 18/25 levels left

rFire   + . .        i - +4 longbow (heavy)
rCold   + . .        (shield currently unavailable)
rNeg    . . .        J - +3 leather armour {rPois}
rPois   +            K - +2 hat of Apeoromancy {Will+, Range, Fort} (curse)
rElec   .            k - scarf "Xaxal" {rC+ rF+, Int+3}
rCorr   +            S - +0 pair of gloves
SInv    +            f - +0 pair of boots
Will    ++...        g - amulet of the acrobat
Stlth   ++++         j - ring of Lenerghuich {Drain Will+ rCorr MP+9 SInv}
HPRegen 0.35/turn    x - +4 ring of protection
MPRegen 0.22/turn

%: acrobat
@: hasted, very quick
A: fangs 1, strong nose, distributed training
a: Renounce Religion, Curse Item, Shatter the Chains


You were in an ice cave.
You worshipped Ashenzari.
Ashenzari was noncommittal.
You visited 2 branches of the dungeon, and saw 13 of its levels.
You also visited: Ice Cave.

You collected 735 gold pieces.
You spent 224 gold pieces at shops.

Inventory:

Hand Weapons
 i - a +4 heavy longbow (weapon)
   (You acquired it on level 1 of the Dungeon)
Missiles
 A - 6 atropa-tipped darts
 L - 2 throwing nets {=f, !d}
Armour
 f - a +0 pair of boots (worn)
   (You found it on level 3 of the Dungeon)
 k - the scarf "Xaxal" (worn) {rC+ rF+, Int+3}
   (You acquired it on level 1 of the Dungeon)

   Int:       It affects your intelligence (+3).
 J - a +3 leather armour of poison resistance (worn)
   (You took it off Eustachio on level 6 of the Dungeon)
 K - the cursed +2 hat of Apeoromancy (worn) {Will+, Range, Fort}
   (You took it off Gastronok on level 8 of the Dungeon)

   It has a curse which improves the following skills: Ranged Combat: Ranged
   Weapons and Throwing.
   Fortitude: Armour and Shields.
 M - +0 acid dragon scales
   (You found it on level 8 of the Dungeon)
 R - a scarf of repulsion
   (You found it on level 12 of the Dungeon)
 S - a +0 pair of gloves (worn)
   (You found it on level 10 of the Dungeon)
Jewellery
 g - an amulet of the acrobat (around neck)
   (You found it on level 1 of the Dungeon)
 j - the ring of Lenerghuich (left hand) {Drain Will+ rCorr MP+9 SInv}
   (You acquired it on level 1 of the Dungeon)

   [ring of willpower]

   MP:        It affects your magic capacity (+9).
   SInv:      It lets you see invisible.
   rCorr:     It protects you from acid and corrosion.
   Drain:     It drains your maximum health when unequipped.
   Will:      It increases your willpower.
 u - a ring of willpower
   (You found it on level 2 of the Dungeon)
 w - a ring of positive energy {rN+}
   (You found it on level 3 of the Dungeon)
 x - a +4 ring of protection (right hand)
   (You found it on level 2 of the Dungeon)
 N - an amulet of guardian spirit {Spirit}
   (You took it off an orc wizard on level 9 of the Dungeon)
Wands
 c - a wand of paralysis (6)
   (You found it on level 9 of the Dungeon)
 F - a wand of polymorph (13)
   (You found it on level 4 of the Dungeon)
 G - a wand of mindburst (5)
   (You took it off Ijyb on level 5 of the Dungeon)
 P - a wand of flame (12)
   (You found it on level 9 of the Dungeon)
Scrolls
 a - 2 scrolls of magic mapping {magic mapping, unknown}
 b - 3 scrolls of immolation {!r}
 h - 3 scrolls of fog {unknown}
 m - a scroll of enchant armour
 n - a scroll of butterflies {summon, unknown}
 o - a scroll of silence {silence, unknown}
 q - 2 scrolls of brand weapon {branding, unknown}
 r - 5 scrolls of amnesia {?teleport?, unknown}
 y - a scroll of blinking {?blink?, unknown}
 z - 2 scrolls of torment {torment, unknown}
 B - a scroll of vulnerability {?blink?, unknown}
 D - a scroll of poison {unknown}
 E - 5 scrolls of teleportation {unknown}
 I - a scroll of noise {unknown}
 Q - 2 scrolls of identify
Potions
 d - 2 potions of heal wounds
 e - 2 potions of berserk rage {!q}
 l - 6 potions of might
 p - 5 potions of attraction {unknown}
 s - a potion of brilliance
 t - a potion of resistance
 v - a potion of haste
 H - 6 potions of curing
 O - a potion of flight
Miscellaneous
 C - a piece from Xom's chessboard (15/15)
   (You found it on level 3 of the Dungeon)


   Skills:
 + Level 8.7 Fighting
 + Level 7.3 Short Blades
 + Level 7.3 Long Blades
 + Level 7.3 Axes
 + Level 7.3 Maces & Flails
 + Level 7.3 Polearms
 + Level 7.3 Staves
 + Level 11.2(11.6) Ranged Weapons
 + Level 7.3(7.7) Throwing
 + Level 7.3(7.7) Armour
 + Level 8.7 Dodging
 + Level 7.7 Stealth
 + Level 7.3(7.7) Shields
 + Level 7.3 Unarmed Combat
 + Level 7.3 Spellcasting
 + Level 6.0 Conjurations
 + Level 6.0 Hexes
 + Level 6.0 Summonings
 + Level 6.0 Necromancy
 + Level 6.0 Translocations
 + Level 6.0 Transmutations
 + Level 6.0 Fire Magic
 + Level 6.0 Ice Magic
 + Level 6.0 Air Magic
 + Level 6.0 Earth Magic
 + Level 6.0 Poison Magic
 + Level 8.0 Invocations
 + Level 7.3 Evocations


You had 18 spell levels left.
You knew the following spells:

 Your Spells              Type           Power      Damage    Failure   Level
a - Borgnjor's Vile Clut  Necr/Erth      10%        N/A       41%         5
b - Blink                 Tloc           40%        N/A       2%          2

Your spell library contained the following spells:

 Spells                   Type           Power      Damage    Failure   Level
 Apportation              Tloc           40%        N/A       1%          1
 Necrotise                Necr           80%        1d8       1%          1
 Summon Small Mammal      Summ           80%        N/A       1%          1
 Lesser Beckoning         Tloc           40%        N/A       2%          2
 Dazzling Flash           Conj/Hex       40%        N/A       4%          3
 Gell's Gravitas          Tloc           20%        N/A       4%          3
 Inner Flame              Hex/Fire       20%        N/A       4%          3
 Teleport Other           Tloc           20%        N/A       4%          3
 Flame Wave               Conj/Fire      20%        2d7       16%         4
 Manifold Assault         Tloc           20%        N/A       16%         4
 Sticky Flame             Conj/Fire      20%        2d4       16%         4
 Agony                    Necr           20%        N/A       41%         5
 Alistair's Intoxication  Tmut/Pois      13%        N/A       41%         5
 Fireball                 Conj/Fire      10%        3d6       41%         5
 Iskenderun's Battlesphe  Conj           20%        2d7       41%         5
 Silence                  Hex/Air        10%        N/A       41%         5
 Conjure Ball Lightning   Conj/Air       10%        3x3d6     94%         6
 Eringya's Noxious Bog    Tmut/Pois      10%        N/A       94%         6
 Orb of Destruction       Conj           10%        9d6       100%        7
 Storm Form               Tmut/Air       10%        N/A       100%        7


Dungeon Overview and Level Annotations

Branches:
Dungeon (12/15)            Temple (1/1) D:7             Orc (0/2) D:9
  IceCv (1/1)
   Lair: D:8-11

Altars:
Ashenzari
Cheibriados
Dithmenos
Elyvilon
Fedhas
Gozag
Hepliaklqana
Kikubaaqudgha
Makhleb
Nemelex Xobeh
Okawaru
Qazlal
Ru
Sif Muna
Trog
Uskayaw
Vehumet
Wu Jian
Xom
Yredelemnul
Zin
The Shining One

Shops:
D:2 :   D:6 ?   D:7 (


Innate Abilities, Weirdness & Mutations

You have very sharp teeth.
Your uncanny sense of smell can sniff out nearby items.
Your experience applies equally to all skills.


Message History

You open the door.
An ice devil comes into view.
You shoot an arrow. The arrow hits the ice devil!!
You shoot an arrow.
The arrow hits the ice devil but does no damage.
An ice devil comes into view.
You shoot an arrow. The arrow hits the ice devil.
You shoot an arrow. The arrow hits the ice devil!
You shoot an arrow. The arrow hits the ice devil!!
Your Conjurations skill increases to level 6!
Your Hexes skill increases to level 6!
Your Summonings skill increases to level 6!
Your Necromancy skill increases to level 6!
Your Translocations skill increases to level 6!
Your Transmutations skill increases to level 6!
Your Fire Magic skill increases to level 6!
Your Ice Magic skill increases to level 6!
Your Air Magic skill increases to level 6!
Your Earth Magic skill increases to level 6!
Your Poison Magic skill increases to level 6!
You shoot an arrow. The arrow hits the ice devil!!
The ice devil barely misses you. The ice devil hits you.
The ice devil freezes you. You resist.
You take 9 damage, and have 85/94 hp.
You shoot an arrow. The arrow hits the ice devil!!
No target in view!
Found a frozen archway.
There is an open door here.
You now have 511 gold pieces (gained 13).
There is a frozen archway here.
You feel yourself speed up.
The world spins around you as you enter the gateway.
You enter an ice cave!
The white ugly thing gurgles horribly!
Found 13 gold pieces.
Found an ice covered gate leading back out of this place.
There is an ice choked empty arch of ancient stone here.
You shoot an arrow.
The arrow hits the polar bear simulacrum!!!
You shoot an arrow.
The arrow hits the elephant simulacrum!!
A polar bear simulacrum comes into view.
You shoot an arrow.
The arrow hits the cane toad simulacrum!!
You shoot an arrow.
The arrow hits the elephant simulacrum!!
You shoot an arrow. The arrow hits the white ugly thing.
The white ugly thing is engulfed in freezing vapours.
The white ugly thing stings you! The white ugly thing freezes you! You resist.
You take 21 damage, and have 70/94 hp.
MASSIVE DAMAGE!!
You shoot an arrow. The arrow hits the white ugly thing!!
The white ugly thing barely misses you.
You shoot an arrow. The arrow hits the white ugly thing!
The white ugly thing stings you but does no damage.
The dire elephant simulacrum misses you.
The dire elephant simulacrum trunk-slaps you.
The dire elephant simulacrum freezes you!!
You resist.
You take 26 damage, and have 44/94 hp.
MASSIVE DAMAGE!!
You are too injured to fight recklessly!
You are too injured to fight recklessly!
You are too injured to fight recklessly!
Fire: i) +4 longbow (heavy)
Press: ? - help, Q - select action, (/) - cycle Shift-Dir - straight line, f/p - white ugly thing
Aim: a white ugly thing (severely wounded, 72% to hit)
You shoot an arrow. The arrow hits the white ugly thing!!
The dire elephant simulacrum tramples you but does no damage.
The dire elephant simulacrum trunk-slaps you.
The dire elephant simulacrum freezes you!!
You resist.
* * * LOW HITPOINT WARNING * * *
Your Invocations skill increases to level 8!
You take 23 damage, and have 21/94 hp.
MASSIVE DAMAGE!!
Fire: i) +4 longbow (heavy)
Press: ? - help, Q - select action, (/) - cycle Shift-Dir - straight line, f - dire elephant simulacrum
Aim: a dire elephant simulacrum (98% to hit)
You shoot an arrow.
The arrow hits the dire elephant simulacrum but does no damage.
Fire: i) +4 longbow (heavy)
Press: ? - help, Q - select action, (/) - cycle Shift-Dir - straight line, f/p - dire elephant simulacrum
Aim: a dire elephant simulacrum (98% to hit)
You shoot an arrow.
The arrow hits the dire elephant simulacrum.
The dire elephant simulacrum tramples you!
* * * LOW HITPOINT WARNING * * *
You hold your ground!
The dire elephant simulacrum barely misses you.
The polar bear simulacrum bites you but does no damage.
The polar bear simulacrum claws you.
* * * LOW HITPOINT WARNING * * *
The polar bear simulacrum freezes you! You resist.
* * * LOW HITPOINT WARNING * * *
The polar bear simulacrum claws you but does no damage.
Fire: i) +4 longbow (heavy)
Press: ? - help, Q - select action, (/) - cycle Shift-Dir - straight line, f/p - dire elephant simulacrum
Aim: a dire elephant simulacrum (lightly damaged, 98% to hit)
You shoot an arrow.
The arrow hits the dire elephant simulacrum!!
The dire elephant simulacrum tramples you.
You die...

### ###...
#......
##.......
##........
#.......8.
#..Z......
#∩@Z.....$
#.........
#.......8.
##........
##.......
#......
###... ###


You could see a dire elephant simulacrum and a polar bear simulacrum.

Vanquished Creatures
  Gastronok (D:8)
  Harold (D:9)
  Erica (D:8)
  A boulder beetle (D:12)
  Nergalle (D:10)
  An ugly thing (IceCv)
  2 cyclopes (D:12)
  3 manticores
  A gargoyle (D:12)
  A freezing wraith (D:12)
  2 ice devils (D:11)
  A kobold demonologist (D:6)
  4 trolls
  Grinder (D:5)
  2 wyverns (D:9)
  10 yaks
  Eustachio (D:6)
  A basilisk (D:12)
  A steam dragon (D:9)
  An acid dragon (D:8)
  A floating eye (D:9)
  A water moccasin (D:6)
  2 ice beasts (D:7)
  A black bear (D:6)
  3 ogres
  8 centaurs
  3 phantoms
  2 kobold brigands (D:7)
  Blork the orc (D:4)
  3 gnoll sergeants
  4 bullfrogs
  2 scorpions
  A cane toad simulacrum (IceCv)
  9 wights
  7 killer bees (D:9)
  An elephant simulacrum (IceCv)
  A crimson imp (D:9)
  2 jellies
  4 gnoll boudas
  An orc priest (D:6)
  3 hounds
  A sleepcap (D:4)
  Crazy Yiuf (D:7)
  3 iguanas
  Ijyb (D:5)
  5 orc wizards
  A polar bear simulacrum (IceCv)
  33 gnolls
  4 adders
  6 shadow imps
  2 white imps
  3 worms (D:2)
  4 dart slugs
  13 orcs
  3 bats
  10 endoplasms
  4 giant cockroaches
  11 goblins
  2 hobgoblins (D:1)
  6 jackals
  20 kobolds
  4 quokkas
  7 ball pythons
  4 frilled lizards
  6 rats
  A butterfly (D:3)
252 creatures vanquished.

Notes
Turn   | Place    | Note
-------+----------+-------------------------------------------
     0 | D:1      | IndexError the Gnoll Hunter began the quest for the Orb.
     0 | D:1      | Reached XP level 1. HP: 20/20 MP: 1/1
    52 | D:1      | Reached XP level 2. HP: 21/26 MP: 2/2
   177 | D:1      | Identified 3 scrolls of acquirement
   177 | D:1      | Acquired the ring of Lenerghuich {Drain Will+ rCorr MP+9
                  | SInv}
   179 | D:1      | Acquired the scarf "Xaxal" {rC+ rF+, Int+3}
   181 | D:1      | Acquired a +2 heavy longbow
   390 | D:1      | Reached XP level 3. HP: 28/31 MP: 3/3
   714 | D:1      | Reached skill level 1 in Invocations
   766 | D:1      | Found a faded altar of an unknown god.
   766 | D:1      | Noticed a neqoxec
  1100 | D:2      | Reached skill level 1 in Short Blades
  1100 | D:2      | Reached skill level 1 in Long Blades
  1100 | D:2      | Reached skill level 1 in Axes
  1100 | D:2      | Reached skill level 1 in Maces & Flails
  1100 | D:2      | Reached skill level 1 in Polearms
  1100 | D:2      | Reached skill level 1 in Staves
  1100 | D:2      | Reached skill level 1 in Throwing
  1100 | D:2      | Reached skill level 1 in Armour
  1100 | D:2      | Reached skill level 1 in Shields
  1100 | D:2      | Reached skill level 1 in Unarmed Combat
  1100 | D:2      | Reached skill level 1 in Spellcasting
  1100 | D:2      | Reached skill level 1 in Evocations
  1201 | D:2      | Found Lemucar's Book Boutique.
  1209 | D:2      | Identified the +2 hand axe "Plog" {drain, +Blink rCorr}
  1222 | D:2      | Reached XP level 4. HP: 38/38 MP: 5/5
  1594 | D:2      | Reached skill level 1 in Conjurations
  1594 | D:2      | Reached skill level 1 in Hexes
  1594 | D:2      | Reached skill level 1 in Summonings
  1594 | D:2      | Reached skill level 1 in Necromancy
  1594 | D:2      | Reached skill level 1 in Translocations
  1594 | D:2      | Reached skill level 1 in Transmutations
  1594 | D:2      | Reached skill level 1 in Fire Magic
  1594 | D:2      | Reached skill level 1 in Ice Magic
  1594 | D:2      | Reached skill level 1 in Air Magic
  1594 | D:2      | Reached skill level 1 in Earth Magic
  1594 | D:2      | Reached skill level 1 in Poison Magic
  2309 | D:3      | Found a stormy altar of Qazlal.
  2340 | D:3      | Found a glowing silver altar of Zin.
  2450 | D:3      | Found a glowing golden altar of the Shining One.
  2511 | D:3      | Found a shimmering altar of Xom.
  2746 | D:4      | Noticed Blork the orc
  2749 | D:4      | Killed Blork the orc
  2750 | D:4      | Reached XP level 5. HP: 43/43 MP: 7/7
  2809 | D:4      | Found a sparkling altar of Nemelex Xobeh.
  2955 | D:4      | Found an ornate altar of the Wu Jian Council.
  3032 | D:4      | Reached skill level 5 in Fighting
  3032 | D:4      | Reached skill level 5 in Dodging
  3032 | D:4      | Reached skill level 3 in Stealth
  3032 | D:4      | Reached skill level 2 in Invocations
  3032 | D:4      | Reached XP level 6. HP: 51/51 MP: 8/8
  3105 | D:4      | Reached skill level 2 in Short Blades
  3105 | D:4      | Reached skill level 2 in Long Blades
  3105 | D:4      | Reached skill level 2 in Axes
  3105 | D:4      | Reached skill level 2 in Maces & Flails
  3105 | D:4      | Reached skill level 2 in Polearms
  3105 | D:4      | Reached skill level 2 in Staves
  3105 | D:4      | Reached skill level 2 in Throwing
  3105 | D:4      | Reached skill level 2 in Armour
  3105 | D:4      | Reached skill level 2 in Shields
  3105 | D:4      | Reached skill level 2 in Unarmed Combat
  3105 | D:4      | Reached skill level 2 in Spellcasting
  3105 | D:4      | Reached skill level 2 in Evocations
  3289 | D:5      | Entered Level 5 of the Dungeon
  3289 | D:5      | Noticed Ijyb
  3420 | D:5      | Reached XP level 7. HP: 54/56 MP: 10/10
  3425 | D:5      | Killed Ijyb
  3444 | D:5      | Reached skill level 2 in Conjurations
  3444 | D:5      | Reached skill level 2 in Hexes
  3444 | D:5      | Reached skill level 2 in Summonings
  3444 | D:5      | Reached skill level 2 in Necromancy
  3444 | D:5      | Reached skill level 2 in Translocations
  3444 | D:5      | Reached skill level 2 in Transmutations
  3444 | D:5      | Reached skill level 2 in Fire Magic
  3444 | D:5      | Reached skill level 2 in Ice Magic
  3444 | D:5      | Reached skill level 2 in Air Magic
  3444 | D:5      | Reached skill level 2 in Earth Magic
  3444 | D:5      | Reached skill level 2 in Poison Magic
  3456 | D:5      | Reached skill level 9 in Ranged Weapons
  3566 | D:5      | Noticed Grinder
  3574 | D:5      | Killed Grinder
  3575 | D:5      | Reached skill level 3 in Short Blades
  3575 | D:5      | Reached skill level 3 in Long Blades
  3575 | D:5      | Reached skill level 3 in Axes
  3575 | D:5      | Reached skill level 3 in Maces & Flails
  3575 | D:5      | Reached skill level 3 in Polearms
  3575 | D:5      | Reached skill level 3 in Staves
  3575 | D:5      | Reached skill level 3 in Throwing
  3575 | D:5      | Reached skill level 3 in Armour
  3575 | D:5      | Reached skill level 3 in Shields
  3575 | D:5      | Reached skill level 3 in Unarmed Combat
  3575 | D:5      | Reached skill level 3 in Spellcasting
  3575 | D:5      | Reached skill level 3 in Invocations
  3575 | D:5      | Reached skill level 3 in Evocations
  3575 | D:5      | Reached XP level 8. HP: 63/63 MP: 12/12
  3581 | D:5      | Reached skill level 4 in Stealth
  3865 | D:5      | Reached skill level 3 in Conjurations
  3865 | D:5      | Reached skill level 3 in Hexes
  3865 | D:5      | Reached skill level 3 in Summonings
  3865 | D:5      | Reached skill level 3 in Necromancy
  3865 | D:5      | Reached skill level 3 in Translocations
  3865 | D:5      | Reached skill level 3 in Transmutations
  3865 | D:5      | Reached skill level 3 in Fire Magic
  3865 | D:5      | Reached skill level 3 in Ice Magic
  3865 | D:5      | Reached skill level 3 in Air Magic
  3865 | D:5      | Reached skill level 3 in Earth Magic
  3865 | D:5      | Reached skill level 3 in Poison Magic
  3865 | D:5      | Reached skill level 4 in Invocations
  3885 | D:5      | Reached skill level 6 in Fighting
  3885 | D:5      | Reached skill level 6 in Dodging
  4099 | D:5      | Found a sacrificial altar of Ru.
  4312 | D:6      | Noticed Eustachio
  4324 | D:6      | Killed Eustachio
  4325 | D:6      | Reached skill level 4 in Short Blades
  4325 | D:6      | Reached skill level 4 in Long Blades
  4325 | D:6      | Reached skill level 4 in Axes
  4325 | D:6      | Reached skill level 4 in Maces & Flails
  4325 | D:6      | Reached skill level 4 in Polearms
  4325 | D:6      | Reached skill level 4 in Staves
  4325 | D:6      | Reached skill level 4 in Throwing
  4325 | D:6      | Reached skill level 4 in Armour
  4325 | D:6      | Reached skill level 4 in Shields
  4325 | D:6      | Reached skill level 4 in Unarmed Combat
  4325 | D:6      | Reached skill level 4 in Spellcasting
  4325 | D:6      | Reached skill level 4 in Evocations
  4325 | D:6      | Reached XP level 9. HP: 69/69 MP: 15/15
  4562 | D:6      | Found a basalt altar of Yredelemnul.
  4623 | D:6      | Reached skill level 5 in Stealth
  4911 | D:6      | Noticed a kobold demonologist
  4913 | D:6      | Noticed a red devil
  4917 | D:6      | Killed a kobold demonologist
  4918 | D:6      | Reached skill level 5 in Invocations
  5101 | D:6      | Found Bevuivysk's Magic Scroll Shop.
  5109 | D:6      | Bought a scroll of enchant armour for 112 gold pieces
  5109 | D:6      | Bought a scroll of enchant weapon for 112 gold pieces
  5419 | D:7      | Found a bloodstained altar of Trog.
  5606 | D:7      | Reached skill level 4 in Conjurations
  5606 | D:7      | Reached skill level 4 in Hexes
  5606 | D:7      | Reached skill level 4 in Summonings
  5606 | D:7      | Reached skill level 4 in Necromancy
  5606 | D:7      | Reached skill level 4 in Translocations
  5606 | D:7      | Reached skill level 4 in Transmutations
  5606 | D:7      | Reached skill level 4 in Fire Magic
  5606 | D:7      | Reached skill level 4 in Ice Magic
  5606 | D:7      | Reached skill level 4 in Air Magic
  5606 | D:7      | Reached skill level 4 in Earth Magic
  5606 | D:7      | Reached skill level 4 in Poison Magic
  5615 | D:7      | Found Voneir's Antique Weapon Shop.
  5638 | D:7      | Found a staircase to the Ecumenical Temple.
  5694 | Temple   | Entered the Ecumenical Temple
  5858 | Temple   | Became a worshipper of Ashenzari the Shackled
  5960 | D:7      | Found a runed translucent door.
  5961 | D:7      | Noticed Crazy Yiuf
  6173 | D:7      | Reached skill level 5 in Short Blades
  6173 | D:7      | Reached skill level 5 in Long Blades
  6173 | D:7      | Reached skill level 5 in Axes
  6173 | D:7      | Reached skill level 5 in Maces & Flails
  6173 | D:7      | Reached skill level 5 in Polearms
  6173 | D:7      | Reached skill level 5 in Staves
  6173 | D:7      | Reached skill level 5 in Throwing
  6173 | D:7      | Reached skill level 5 in Armour
  6173 | D:7      | Reached skill level 5 in Shields
  6173 | D:7      | Reached skill level 5 in Unarmed Combat
  6173 | D:7      | Reached skill level 5 in Spellcasting
  6173 | D:7      | Reached skill level 5 in Evocations
  6173 | D:7      | Reached XP level 10. HP: 77/77 MP: 17/17
  6347 | D:7      | Learned a level 2 spell: Blink
  6348 | D:7      | Reached skill level 10 in Ranged Weapons
  6355 | D:7      | Learned a level 5 spell: Borgnjor's Vile Clutch
  6623 | D:7      | Killed Crazy Yiuf
  6909 | D:8      | Noticed Erica
  6920 | D:8      | Killed Erica
  6921 | D:8      | Reached skill level 7 in Fighting
  6921 | D:8      | Reached skill level 7 in Dodging
  6975 | D:8      | Noticed Gastronok
  6990 | D:8      | Killed Gastronok
  6991 | D:8      | Reached skill level 6 in Stealth
  6991 | D:8      | Reached skill level 6 in Invocations
  7218 | D:8      | Found an iron altar of Okawaru.
  7370 | D:9      | Noticed Harold
  7720 | D:9      | Found a burning altar of Makhleb.
  7720 | D:9      | Found a radiant altar of Vehumet.
  7850 | D:9      | Killed Harold
  7851 | D:9      | Reached skill level 6 in Short Blades
  7851 | D:9      | Reached skill level 6 in Long Blades
  7851 | D:9      | Reached skill level 6 in Axes
  7851 | D:9      | Reached skill level 6 in Maces & Flails
  7851 | D:9      | Reached skill level 6 in Polearms
  7851 | D:9      | Reached skill level 6 in Staves
  7851 | D:9      | Reached skill level 6 in Throwing
  7851 | D:9      | Reached skill level 6 in Armour
  7851 | D:9      | Reached skill level 6 in Shields
  7851 | D:9      | Reached skill level 6 in Unarmed Combat
  7851 | D:9      | Reached skill level 6 in Spellcasting
  7851 | D:9      | Reached skill level 5 in Conjurations
  7851 | D:9      | Reached skill level 5 in Hexes
  7851 | D:9      | Reached skill level 5 in Summonings
  7851 | D:9      | Reached skill level 5 in Necromancy
  7851 | D:9      | Reached skill level 5 in Translocations
  7851 | D:9      | Reached skill level 5 in Transmutations
  7851 | D:9      | Reached skill level 5 in Fire Magic
  7851 | D:9      | Reached skill level 5 in Ice Magic
  7851 | D:9      | Reached skill level 5 in Air Magic
  7851 | D:9      | Reached skill level 5 in Earth Magic
  7851 | D:9      | Reached skill level 5 in Poison Magic
  7851 | D:9      | Reached skill level 6 in Evocations
  7851 | D:9      | Reached XP level 11. HP: 55/85 MP: 20/20
  8009 | D:9      | Found a staircase to the Orcish Mines.
  8399 | D:9      | Paralysed by a floating eye for 4 turns
  8418 | D:9      | Reached skill level 7 in Invocations
  9053 | D:10     | Entered Level 10 of the Dungeon
  9236 | D:10     | Noticed a manticore
  9241 | D:10     | Killed a manticore
  9242 | D:10     | Reached skill level 8 in Fighting
  9242 | D:10     | Reached skill level 8 in Dodging
  9274 | D:10     | Found an ancient bone altar of Kikubaaqudgha.
  9330 | D:10     | Noticed Nergalle
  9336 | D:10     | Killed Nergalle
  9337 | D:10     | Reached skill level 7 in Stealth
  9421 | D:10     | Found a snail-covered altar of Cheibriados.
  9633 | D:10     | You fall into a shaft and drop 2 floors!
 10018 | D:12     | Noticed a cyclops
 10020 | D:12     | Killed a cyclops
 10215 | D:12     | Noticed a manticore
 10217 | D:12     | Killed a manticore
 10218 | D:12     | Reached skill level 11 in Ranged Weapons
 10249 | D:12     | Noticed a cyclops
 10252 | D:12     | Killed a cyclops
 10253 | D:12     | Reached skill level 7 in Short Blades
 10253 | D:12     | Reached skill level 7 in Long Blades
 10253 | D:12     | Reached skill level 7 in Axes
 10253 | D:12     | Reached skill level 7 in Maces & Flails
 10253 | D:12     | Reached skill level 7 in Polearms
 10253 | D:12     | Reached skill level 7 in Staves
 10253 | D:12     | Reached skill level 7 in Throwing
 10253 | D:12     | Reached skill level 7 in Armour
 10253 | D:12     | Reached skill level 7 in Shields
 10253 | D:12     | Reached skill level 7 in Unarmed Combat
 10253 | D:12     | Reached skill level 7 in Spellcasting
 10253 | D:12     | Reached skill level 7 in Evocations
 10378 | D:12     | Noticed a boulder beetle
 10385 | D:12     | Noticed a manticore
 10393 | D:12     | Killed a boulder beetle
 10394 | D:12     | Reached XP level 12. HP: 57/94 MP: 22/22
 10696 | D:11     | Reached skill level 6 in Conjurations
 10696 | D:11     | Reached skill level 6 in Hexes
 10696 | D:11     | Reached skill level 6 in Summonings
 10696 | D:11     | Reached skill level 6 in Necromancy
 10696 | D:11     | Reached skill level 6 in Translocations
 10696 | D:11     | Reached skill level 6 in Transmutations
 10696 | D:11     | Reached skill level 6 in Fire Magic
 10696 | D:11     | Reached skill level 6 in Ice Magic
 10696 | D:11     | Reached skill level 6 in Air Magic
 10696 | D:11     | Reached skill level 6 in Earth Magic
 10696 | D:11     | Reached skill level 6 in Poison Magic
 10698 | D:11     | Found a frozen archway.
 10710 | IceCv    | Entered an ice cave
 10718 | IceCv    | HP: 21/94 [dire elephant simulacrum (19)]
 10719 | IceCv    | Reached skill level 8 in Invocations
 10720 | IceCv    | HP: 10/94 [dire elephant simulacrum (11)]
 10720 | IceCv    | HP: 1/94 [polar bear simulacrum (7)]
 10721 | IceCv    | Slain by a dire elephant simulacrum

Illustrated notes

Levels and vault maps discovered:
D:1:      psy_arrival_dodecagon, layout_basic,
          dreamdust_ecumenical_altar_sealed_demon
D:2:      layout_loops_cross, serial_shops, shop, minmay_misc_feat_cross,
          glass_columns_c, minmay_ruptured
D:3:      layout_basic, xom_butterflies, nicolae_qazlal_scattered_showers,
          nicolae_overflow_crystal_walls, tso_oasis_becter
D:4:      layout_cave_pools, kennysheep_mini, nicolae_wu_jian_wuxing_cycle,
          serial_column_ruins, column_ruins_circle_small, column_ruins_grid_3,
          column_ruins_open_large, column_ruins_grid_1, column_ruins_grid_1,
          column_ruins_open_tiny, chequers_hall_statues_wall_a,
          chequers_serial_rivers_micro_c, uniq_blork_the_orc
D:5:      minmay_evil_eye, layout_rooms, nicolae_ru_the_path_less_chosen,
          uniq_ijyb, uniq_grinder
D:6:      layout_basic, mainiacjoe_overflow_paths, serial_shops,
          nicolae_shop_tiny_statue_garden, uniq_eustachio
D:7:      layout_basic, trog_three_pillars_becter,
          minmay_temple_entry_antechambers, serial_shops, shop,
          patterned_corridor, uniq_crazy_yiuf_cottage
D:8:      layout_basic, mainiacjoe_overflow_brackets, minmay_misc_feat_rows,
          uniq_erica, uniq_gastronok
D:9:      layout_stronghold, grunt_temple_overflow_lords_of_destruction,
          orc_0_dummy, onia_ninara_cookie, uniq_harold
D:10:     layout_loops_ring, kiku_gazebo_garden_becter, cheibriados_altar_1,
          erik_lair_dragon, reono_crystal_passage, uniq_nergalle
D:11:     layout_big_octagon, portal_ice_cave_demonic_guard
D:12:     layout_loops_cross, grunt_ministairs_6
Temple:   hellmonk_temple_forest_ring
IceCv:    ice_cave_statue_garden_transporter

Skill      XL: |  1  2  3  4  5  6  7  8  9 10 11 12 |
---------------+-------------------------------------+-----
Invocations    | 1 2 3 4 5 6 7 8 |  8.0
Short Blades   | 1 2 3 4 5 6 7 |  7.3
Long Blades    | 1 2 3 4 5 6 7 |  7.3
Axes           | 1 2 3 4 5 6 7 |  7.3
Maces & Flails | 1 2 3 4 5 6 7 |  7.3
Polearms       | 1 2 3 4 5 6 7 |  7.3
Staves         | 1 2 3 4 5 6 7 |  7.3
Throwing       | 1 2 3 4 5 6 7 |  7.3
Armour         | 1 2 3 4 5 6 7 |  7.3
Shields        | 1 2 3 4 5 6 7 |  7.3
Unarmed Combat | 1 2 3 4 5 6 7 |  7.3
Spellcasting   | 1 2 3 4 5 6 7 |  7.3
Evocations     | 1 2 3 4 5 6 7 |  7.3
Conjurations   | 1 2 3 4 5 6 |  6.0
Hexes          | 1 2 3 4 5 6 |  6.0
Summonings     | 1 2 3 4 5 6 |  6.0
Necromancy     | 1 2 3 4 5 6 |  6.0
Translocations | 1 2 3 4 5 6 |  6.0
Transmutations | 1 2 3 4 5 6 |  6.0
Fire Magic     | 1 2 3 4 5 6 |  6.0
Ice Magic      | 1 2 3 4 5 6 |  6.0
Air Magic      | 1 2 3 4 5 6 |  6.0
Earth Magic    | 1 2 3 4 5 6 |  6.0
Poison Magic   | 1 2 3 4 5 6 |  6.0
Fighting       | 5 6 7 8 |  8.7
Dodging        | 5 6 7 8 |  8.7
Stealth        | 3 4 5 6 7 |  7.7
Ranged Weapons | 9 10 11 | 11.2

Action                     |  1- 3 |  4- 6 |  7- 9 | 10-12 || total
---------------------------+-------+-------+-------+-------++-------
   Fire: Sling             |    27 |       |       |       ||    27
         Longbow           |    41 |    77 |   184 |   238 ||   540
  Throw: Dart              |       |       |       |    11 ||    11
 Invoke: Curse Item        |       |       |       |     1 ||     1
    Use: Scroll            |     3 |       |     8 |     5 ||    16
         Potion            |       |       |       |     1 ||     1
 Armour: Leather armour    |     7 |     7 |    47 |    70 ||   131
  Dodge: Dodged            |    26 |    27 |   106 |   219 ||   378

Levels and vault maps discovered:
D:1:      psy_arrival_dodecagon, layout_basic,
          dreamdust_ecumenical_altar_sealed_demon
D:2:      layout_loops_cross, serial_shops, shop, minmay_misc_feat_cross,
          glass_columns_c, minmay_ruptured
D:3:      layout_basic, xom_butterflies, nicolae_qazlal_scattered_showers,
          nicolae_overflow_crystal_walls, tso_oasis_becter
D:4:      layout_cave_pools, kennysheep_mini, nicolae_wu_jian_wuxing_cycle,
          serial_column_ruins, column_ruins_circle_small, column_ruins_grid_3,
          column_ruins_open_large, column_ruins_grid_1, column_ruins_grid_1,
          column_ruins_open_tiny, chequers_hall_statues_wall_a,
          chequers_serial_rivers_micro_c, uniq_blork_the_orc
D:5:      minmay_evil_eye, layout_rooms, nicolae_ru_the_path_less_chosen,
          uniq_ijyb, uniq_grinder
D:6:      layout_basic, mainiacjoe_overflow_paths, serial_shops,
          nicolae_shop_tiny_statue_garden, uniq_eustachio
D:7:      layout_basic, trog_three_pillars_becter,
          minmay_temple_entry_antechambers, serial_shops, shop,
          patterned_corridor, uniq_crazy_yiuf_cottage
D:8:      layout_basic, mainiacjoe_overflow_brackets, minmay_misc_feat_rows,
          uniq_erica, uniq_gastronok
D:9:      layout_stronghold, grunt_temple_overflow_lords_of_destruction,
          orc_0_dummy, onia_ninara_cookie, uniq_harold
D:10:     layout_loops_ring, kiku_gazebo_garden_becter, cheibriados_altar_1,
          erik_lair_dragon, reono_crystal_passage, uniq_nergalle
D:11:     layout_big_octagon, portal_ice_cave_demonic_guard
D:12:     layout_loops_cross, grunt_ministairs_6
Temple:   hellmonk_temple_forest_ring
IceCv:    ice_cave_statue_garden_transporter

Table legend: (Time is in decaauts)
 A = Elapsed time spent in this place.
 B = Non-inter-level travel time spent in this place.
 C = Inter-level travel time spent in this place.
 D = Time resting spent in this place.
 E = Time spent auto-exploring this place.
 F = Levels seen in this place.
 G = Mean time per level.
                   A        B        C        D        E       F      G
               +--------+--------+--------+--------+--------+-----+--------+
         Total |  11095 |  10293 |    802 |      0 |   8756 |  14 |  792.5 |
       Dungeon |  10905 |  10137 |    768 |      0 |   8621 |  12 |  908.8 |
        Temple |    179 |    145 |     34 |      0 |    135 |   1 |  179.0 |
      Ice Cave |     11 |     11 |      0 |      0 |      0 |   1 |   11.0 |
               +--------+--------+--------+--------+--------+-----+--------+

Top non-repeatable levels by time:
     D:9: 1672 daAuts
     D:7: 1306 daAuts
     D:1: 1196 daAuts
     D:6: 1115 daAuts
    D:12: 1081 daAuts
     D:5: 898 daAuts
     D:3: 858 daAuts
     D:2: 756 daAuts
     D:8: 726 daAuts
     D:4: 705 daAuts
    D:10: 555 daAuts
  Temple: 179 daAuts
    D:11: 31 daAuts
   IceCv: 11 daAuts

Table legend:
 A = Kills in this place as a percentage of kills in the entire game.
 B = Kills by you in this place as a percentage of kills by you in the entire game.
 C = Kills by friends in this place as a percentage of kills by friends in the entire game.
 D = Other kills in this place as a percentage of other kills in the entire game.
 E = Experience gained in this place as a percentage of experience gained in the entire game.
 F = Experience gained in this place divided by the number of levels of this place that you have seen.
                   A       B       C       D       E      F
               +-------+-------+-------+-------+-------+----------------------
         Total | 100.0 | 100.0 |   N/A |   N/A | 100.0 | 1478.5
       Dungeon |  98.4 |  98.4 |   N/A |   N/A |  96.9 | 1670.7
      Ice Cave |   1.6 |   1.6 |   N/A |   N/A |   3.1 | 651.0
               +-------+-------+-------+-------+-------+----------------------
